AoeStats
← BSV | Gabriel

Enclosed

505130255Analyzed
1v1 RM · 24d ago on Sep 8, 2026· 22m 10s· 2 players
Game mode
Random Map
Map size
Tiny (2 player)
Population
200
Speed
Normal
Resources
Standard
Victory
Conquest
Starting age
Dark Age
Ending age
Imperial Age
RankedLock teamsTeams togetherTeam positionsShared explorationLock speedFull tech treeHidden civsTurbo modeCheats
Victory
Defeat
🇦🇷 Georgians · Argentina
1172
+19
🇻🇪 Saracens · Venezuela
1232
-19
ROBERTO93
6:56 Loom
9:49 Feudal Age
10:53 Double-Bit Axe
15:28 Horse Collar
17:58 Fletching
21:57 Castle Age
BSV | Gabriel
5:10 Loom
10:10 Feudal Age
10:54 Double-Bit Axe
11:56 Town Watch
17:04 Fletching
Connection lost

Rejoining the realm…

Still unreachable

The connection could not be restored.

Session expired

The server has moved on; the page needs a fresh start.